AoeStats
← Reis

Hill Fort

505082270Analyzed
4v4 RM · 26d ago on Sep 7, 2026· 26m 35s· 8 players
Game mode
Random Map
Map size
Large (8 player)
Population
200
Speed
Normal
Resources
Standard
Victory
Conquest
Starting age
Dark Age
Ending age
Imperial Age
RankedLock teamsTeams togetherTeam positionsShared explorationLock speedFull tech treeHidden civsTurbo modeCheats
Victory
Defeat
🇪🇸 Berbers · Spain
1437
+15
🇨🇭 Bulgarians · Switzerland
1434
+15
🇧🇷 Cumans · Brazil
1421
+16
🇲🇽 Franks · Mexico
1398
+17
🇹🇷 Tatars · Türkiye
1451
-18
🇹🇷 Khmer · Türkiye
1451
-17
🇬🇧 Jurchens · United Kingdom
1384
-14
🇪🇸 Celts · Spain
1370
-14
Hakka1_90
8:00 Feudal Age
8:34 Double-Bit Axe
10:12 Wheelbarrow
12:03 Loom
20:27 Castle Age
19:10 Forging
19:57 Scale Barding Armor
20:04 Bloodlines
19:48 Horse Collar
20:26 Gold Mining
22:32 Iron Casting
Álvaro de Bazán
10:59 Feudal Age
15:56 Castle Age
14:12 Double-Bit Axe
14:41 Horse Collar
16:13 Loom
17:08 Bow Saw
18:48 Heavy Plow
20:17 Fletching
20:16 Town Watch
VL Ferdinand
7:53 Loom
10:50 Feudal Age
15:34 Castle Age
14:10 Double-Bit Axe
16:56 Bow Saw
16:39 Gold Mining
21:25 Wheelbarrow
20:41 Town Watch
21:18 Pikeman
23:17 Squires
23:29 Forging
23:23 Husbandry
25:25 Scale Mail Armor
26:44 Hand Cart
27:14 Scale Barding Armor
Reis
10:29 Feudal Age
15:38 Castle Age
13:55 Double-Bit Axe
14:19 Loom
18:18 Scale Barding Armor
20:58 Forging
23:02 Fletching
23:37 Bodkin Arrow
rizz
9:27 Feudal Age
10:00 Feudal Age
14:46 Castle Age
13:54 Bloodlines
14:13 Loom
15:34 Husbandry
18:47 Double-Bit Axe
20:28 Horse Collar
22:06 Scale Barding Armor
23:16 Forging
26:09 Iron Casting
Lokatrox
11:22 Feudal Age
15:13 Castle Age
13:42 Double-Bit Axe
14:38 Horse Collar
14:50 Gold Mining
16:19 Bow Saw
16:48 Loom
17:34 Heavy Plow
Satriani
8:28 Loom
10:35 Feudal Age
12:27 Double-Bit Axe
14:46 Castle Age
13:01 Double-Bit Axe
16:07 Fletching
16:54 Wheelbarrow
16:03 Horse Collar
17:45 Bodkin Arrow
22:11 Ballistics
BoNeCoLLeCToR
9:55 Feudal Age
14:20 Castle Age
12:30 Double-Bit Axe
13:42 Loom
14:46 Wheelbarrow
15:19 Bow Saw
18:18 Hand Cart
19:39 Horse Collar
19:55 Town Watch
20:33 Heavy Plow
23:46 Town Patrol
26:25 Bloodlines
26:16 Husbandry
Connection lost

Rejoining the realm…

Still unreachable

The connection could not be restored.

Session expired

The server has moved on; the page needs a fresh start.